Map: Persephone LE

Players

FalconsSolar (Solar) - Winner!

  • Race: Zerg Zerg
  • Spawn Location: 7:00

trigger

  • Race: Protoss Protoss
  • League: Master
  • Spawn Location: 11:00

Event: DreamHack Dallas 2025

VOD

Have the link to the VOD?

Description

Time

  • Played on: May 24, 2025, 3:33 p.m.
  • Length: 13:08

All games in this series

Show
View Real Time Build Order
Export as new Build Order

FalconsSolar Zerg - Winner!

Build Orders: Hatch First 

Get SALT Encoding   

  12  0:00  Drone  
  13  0:07  Drone  
  14  0:14  Drone, Extractor  
  15  0:34  Hatchery  
  14  0:39  Drone, Extractor  
  15  0:45  Overlord  
  15  1:03  Drone x3  
  18  1:05  Extractor  
  17  1:14  Spawning Pool  
  17  1:17  Drone  
  18  1:25  Drone  
  18  1:37  Drone  
  21  1:47  Drone x2  
  21  1:59  Overlord  
  21  2:01  Queen  
  21  2:02  Queen  
  21  2:05  Zergling x2  
  26  2:08  Zergling x2  
  26  2:10  Drone  
  28  2:17  Metabolic Boost  
  28  2:19  Drone  
  28  2:21  Drone  
  30  2:29  Drone x2  
  32  2:41  Hatchery  
  31  2:45  Overlord  
  31  2:53  Queen  
  31  2:54  Drone  
  31  2:56  Drone  
  35  2:58  Drone  
  35  3:05  Drone x2  
  38  3:10  Drone x3  
  41  3:13  Overlord  
  41  3:16  Drone  
  42  3:21  Queen  
  42  3:24  Spore Crawler  
  42  3:25  Drone  
  44  3:33  Drone x2  
  45  3:34  Zergling x4  
  45  3:38  Zergling x2  
  46  3:42  Queen  
  46  3:44  Spore Crawler  
  46  3:47  Drone x2  
  49  3:51  Overlord  
  49  3:57  Queen  
  49  4:00  Drone  
  49  4:02  Drone  
  52  4:04  Zergling x2  
  52  4:05  Zergling x2  
  52  4:08  Overlord  
  54  4:11  Drone x2  
  54  4:12  Drone  
  54  4:14  Drone  
  54  4:15  Drone  
  59  4:17  Drone  
  59  4:22  Drone x2  
  62  4:30  Spore Crawler  
  61  4:33  Drone x5, Lair  
  61  4:38  Drone x3, Extractor  
  69  4:42  Roach Warren  
  69  4:44  Drone  
  69  4:46  Extractor  
  69  4:47  Drone x2  
  69  4:48  Drone  
  71  4:53  Overlord  
  71  5:00  Drone x2  
  71  5:03  Drone  
  74  5:08  Drone, Extractor  
  74  5:09  Extractor  
  74  5:12  Drone x3  
  74  5:13  Spore Crawler  
  74  5:14  Drone  
  74  5:15  Overlord  
  74  5:18  Drone x2  
  74  5:19  Drone, Hatchery  
  77  5:23  Zergling x6  
  77  5:25  Zergling x2  
  80  5:29  Overlord  
  80  5:30  Glial Reconstitution  
  80  5:35  Overseer  
  79  5:37  Roach x4  
  79  5:41  Overlord  
  79  5:42  Overlord  
  87  5:45  Pneumatized Carapace  
  87  5:47  Roach  
  87  5:49  Roach  
  91  5:52  Zergling x2, Roach  
  91  5:55  Zergling x6  
  97  6:00  Roach x2  
  97  6:01  Overlord  
  101  6:04  Zergling x6  
  101  6:05  Zergling x2  
  101  6:09  Roach x2  
  109  6:13  Roach x2  
  109  6:15  Overlord  
  109  6:16  Overlord  
  113  6:20  Roach  
  113  6:22  Ravager x3  
  118  6:29  Drone x2  
  118  6:33  Roach x5  
  118  6:36  Zergling x8  
  118  6:38  Roach  
  134  6:42  Roach x2  
  134  6:43  Overlord  
  134  6:46  Overlord  
  138  6:50  Overlord x2  
  138  6:53  Overlord  
  138  6:57  Overseer  
  138  7:00  Overlord  
  138  7:05  Roach x5  
  138  7:07  Zergling x4  
  149  7:12  Zergling x4  
  146  7:16  Roach x2  
  146  7:22  Zergling x8  
  152  7:24  Roach x3  
  152  7:27  Ravager  
  152  7:28  Zergling x2  
  152  7:29  Zergling x8  
  164  7:30  Ravager  
  164  7:31  Zergling x4  
  165  7:38  Roach x3  
  166  7:44  Roach  
  166  7:47  Roach  
  164  7:51  Roach x2  
  164  7:52  Roach x3  
  164  7:58  Zergling x10  
  176  8:03  Roach  
  176  8:04  Overlord  
  175  8:06  Ravager x4  
  175  8:10  Roach x2  
  175  8:12  Zergling x2  
  182  8:14  Roach  
  182  8:15  Evolution Chamber  
  182  8:16  Baneling Nest  
  182  8:17  Zergling x12  
  183  8:20  Overlord  
  183  8:23  Zergling x4  
  184  8:29  Zergling x12  
  184  8:31  Ravager  
  188  8:39  Roach x2  
  186  8:42  Zerg Melee Weapons Level 1  
  186  8:43  Ravager  
  186  8:45  Zergling x2  
  186  8:46  Zergling x8  
  192  8:52  Overlord  
  191  8:55  Roach x6  
  191  8:59  Roach  
  191  9:01  Roach  
  190  9:05  Ravager  
  190  9:07  Overlord  
  190  9:08  Overlord x2  
  187  9:13  Roach x2  
  183  9:17  Queen  
  183  9:20  Queen  
  183  9:21  Roach  
  183  9:24  Overlord, Centrifugal Hooks  
  183  9:27  Zergling x14  
  185  9:32  Roach x3  
  185  9:33  Zergling x2  
  185  9:35  Ravager x2  
  185  9:36  Overseer  
  185  9:37  Zergling x4  
  192  9:41  Roach  
  192  9:44  Roach x2  
  189  9:49  Ravager  
  189  9:51  Roach x2  
  191  9:55  Zergling x10, Ravager  
  191  9:56  Overseer  
  195  10:01  Roach x2  
  192  10:07  Zergling x6  
  192  10:13  Queen, Roach  
  195  10:16  Roach  
  195  10:19  Roach x2  
  194  10:23  Roach  
  194  10:28  Roach x7  
  175  10:32  Roach x2  
  169  10:38  Roach  
  169  10:40  Roach  
  167  10:44  Roach x2  
  167  10:47  Overlord  
  171  10:50  Ravager  
  171  10:53  Ravager  
  171  10:54  Zergling x6  
  171  10:56  Zerg Missile Weapons Level 1  
  174  11:00  Zergling x2  
  174  11:02  Hatchery  
  168  11:04  Zergling x2  
  168  11:05  Zergling x4  
  168  11:10  Zergling x2  
  171  11:12  Zergling x2  
  171  11:15  Ravager x2  
  171  11:16  Zergling x16  
  178  11:19  Zergling x4  
  178  11:23  Overlord  
  178  11:26  Baneling x4  
  178  11:27  Zergling x2, Hatchery  
  178  11:28  Zergling x8  
  181  11:35  Zergling x4  
  181  11:38  Zergling x4  
  184  11:43  Zergling x2  
  184  11:48  Zergling x4  
  184  11:50  Baneling x8  
  184  11:51  Baneling x11  
  184  11:52  Zergling x4  
  186  11:57  Zergling x2  
  186  11:58  Zergling x2  
  186  11:59  Overlord  
  186  12:00  Zergling x10  
  191  12:04  Overlord  
  191  12:08  Zergling x4  
  191  12:09  Overlord  
  186  12:18  Zergling x12, Hydralisk Den  
  182  12:23  Zergling x2  
  182  12:29  Roach x2  
  167  12:30  Roach x4  
  167  12:34  Roach x2  
  167  12:35  Roach  
  164  12:38  Zergling x2  
  164  12:39  Zergling x4  
  164  12:41  Zergling x4  
  160  12:45  Zergling x8  
  160  12:48  Zergling x2  
  154  12:52  Drone x2  
  154  12:55  Drone x3  
Show
View Real Time Build Order
Export as new Build Order

trigger Protoss 

Build Orders: 1 Gate Expand, Oracle Opening 

Get SALT Encoding   

  12  0:00  Probe  
  13  0:12  Probe  
  14  0:20  Pylon  
  14  0:24  Probe  
  15  0:34  Probe  
  15  0:41  Gateway  
  15  0:42  Probe  
  16  0:49  Assimilator  
  17  0:52  Probe  
  18  1:04  Probe  
  19  1:16  Probe  
  20  1:26  Nexus  
  20  1:36  Cybernetics Core  
  20  1:39  Probe  
  21  1:45  Assimilator  
  21  1:51  Probe  
  22  1:55  Pylon  
  22  2:03  Probe, Adept  
  23  2:13  Probe  
  26  2:21  Probe  
  26  2:23  Stargate  
  26  2:29  Probe  
  27  2:33  Adept  
  27  2:35  Probe  
  30  2:37  Warp Gate  
  30  2:41  Probe  
  30  2:43  Probe  
  33  2:52  Probe  
  33  2:53  Probe  
  35  2:58  Oracle  
  35  3:03  Adept  
  35  3:04  Probe  
  38  3:05  Probe  
  38  3:11  Pylon  
  42  3:16  Probe  
  42  3:18  Probe  
  44  3:28  Probe  
  44  3:30  Probe  
  46  3:34  Oracle  
  46  3:40  Nexus  
  46  3:41  Probe  
  47  3:42  Probe  
  47  3:47  Pylon  
  51  3:53  Probe  
  51  3:54  Probe  
  51  3:55  Assimilator  
  53  4:01  Gateway  
  53  4:05  Probe, Assimilator  
  53  4:06  Probe  
  53  4:08  Pylon  
  55  4:16  Probe  
  55  4:20  Probe  
  57  4:24  Probe  
  57  4:25  Twilight Council  
  57  4:26  Forge  
  58  4:34  Probe x2  
  60  4:40  Gateway  
  60  4:42  Gateway  
  60  4:46  Probe x2  
  60  4:48  Probe  
  60  4:49  Blink  
  60  4:51  Stalker  
  65  4:55  Probe  
  65  4:56  Probe  
  65  4:58  Probe, Protoss Ground Weapons Level 1  
  67  5:04  Probe  
  67  5:07  Probe  
  68  5:10  Probe  
  68  5:12  Probe  
  71  5:19  Gateway, Probe  
  73  5:21  Gateway  
  73  5:22  Probe  
  73  5:24  Robotics Facility  
  73  5:26  Probe  
  73  5:28  Stalker x2  
  79  5:32  Shield Battery  
  79  5:35  Probe  
  76  5:38  Probe  
  76  5:39  Gateway  
  76  5:40  Probe, Assimilator  
  78  5:44  Stalker x2  
  78  5:49  Gateway  
  82  5:56  Gateway  
  82  6:00  Pylon  
  82  6:01  Gateway, Assimilator  
  82  6:03  Stalker  
  84  6:11  Pylon, Warp Prism  
  84  6:13  Pylon  
  86  6:18  Stalker x2  
  86  6:19  Stalker  
  92  6:29  Stalker x3  
  98  6:39  Stalker  
  100  6:43  Stalker x4  
  108  6:54  Pylon  
  108  6:56  Observer  
  109  7:04  Protoss Ground Weapons Level 2  
  109  7:05  Charge  
  106  7:18  Stalker x5  
  106  7:21  Photon Cannon  
  106  7:22  Photon Cannon  
  116  7:24  Pylon  
  116  7:25  Pylon  
  116  7:26  Pylon  
  112  7:46  Stalker x9  
  112  7:48  Stalker  
  125  8:09  Stalker x8  
  139  8:25  Pylon  
  139  8:28  Pylon  
  139  8:36  Stalker  
  141  8:43  Pylon  
  141  8:44  Stalker x4  
  141  8:46  Stalker x4  
  141  8:47  Pylon  
  145  9:03  Zealot  
  145  9:04  Zealot  
  141  9:23  Stalker x3  
  140  9:29  Stalker  
  140  9:30  Stalker  
  142  9:35  Nexus  
  142  9:38  Stalker x2  
  134  9:54  Stalker x4  
  142  10:02  Stalker  
  142  10:06  Pylon  
  78  10:44  Oracle, Stalker x9  
  95  10:54  Nexus  
  97  11:24  Pylon  
  97  11:29  Templar Archives  
  97  11:30  Oracle  
  95  11:41  Pylon  
  98  11:49  Shield Battery  
  98  11:50  Stalker x2  
  98  11:51  Photon Cannon  
  102  12:00  Photon Cannon  
  97  12:03  Photon Cannon  
  93  12:18  Stalker x3  
  59  12:39  Stalker x3  
Tags
 
Add a new tag
Caveats
  • Supply blocks, unpowered buildings, or Contaminate may cause inaccurate times.
  • Supply counts are checked every 10 seconds.